 Dungeon Crawl Stone Soup version 0.32-a0-859-gb0a091d592 (webtiles) character file.

Game seed: 7971996325937616059

86 Xavori the Trooper (level 4, 0/35 HPs)
             Began as a Djinni Chaos Knight on Mar 28, 2024.
             Was a Plaything of Xom.
             Slain by a hobgoblin
             ... wielding a +0 trident
              (3 damage)
             ... on level 2 of the Dungeon.
             The game lasted 00:01:59 (10071 turns).

Xavori the Trooper (Djinni Chaos Knight)           Turns: 10071, Time: 00:01:59

Health: 0/35       AC:  5    Str: 11    XL:     4   Next: 77%
Gold:   56         EV:  1    Int: 14    God:    Xom [.....*] SH:  0 Dex: 14

rFire   + + .        a - +0 falchion (chaos)
rCold   x . .        (no shield)
rNeg    . . .        b - +2 leather armour
rPois   ∞            (no helmet)
rElec   .            (no cloak)
rCorr   .            (no gloves)
SInv    .            (boots unavailable)
Will    .....        (no amulet)
Stlth   +            (no ring)
HPRegen 0.25/turn    (no ring)
MPRegen 0.00/turn

%: clarity, infuse magic (-1 HP)
@: flying, constricted
A: sickness immunity, fire resistance 2, cold vulnerability 1, float, innate
caster, HP casting, extra vitality 1, claws 1, clarity, sense surroundings 2,
MP-powered wands
a: Renounce Religion


You were on level 2 of the Dungeon.
You worshipped Xom.
You were Xom's teddy bear.
You visited 1 branch of the dungeon, and saw 2 of its levels.

You collected 56 gold pieces.

Inventory:

Hand Weapons
 a - a +0 falchion of chaos (weapon)
Armour
 b - a +2 leather armour (worn)
Wands
 k - a wand of mindburst (5)
Scrolls
 c - a scroll of butterflies
 h - a scroll of identify {unknown}
 j - a scroll of amnesia {unknown}
Potions
 d - 2 potions of heal wounds {unknown}
 e - a potion of haste {unknown}
 f - a potion of might {unknown}
 g - a potion of attraction {unknown}
 i - a potion of lignification {unknown}


   Skills:
 + Level 3.4 Fighting
 + Level 3.1 Long Blades
 + Level 1.8 Armour
 + Level 2.8 Dodging
 * Level 1.6 Spellcasting
 * Level 1.6 Conjurations
 * Level 1.6 Hexes
   Level 0.0 Charms
 * Level 1.6 Summonings
 * Level 1.6 Necromancy
 * Level 1.6 Translocations
   Level 0.0 Transmutations
 * Level 1.6 Fire Magic
 * Level 1.6 Ice Magic
 * Level 1.6 Air Magic
 * Level 1.6 Earth Magic
 * Level 1.6 Alchemy


You knew the following spells:

 Your Spells              Type           Power      Damage    Failure   Level
a - Necrotise             Necr           20%        1d5       17%         1
Your spell library was empty.

Dungeon Overview and Level Annotations

Branches:
Dungeon (2/15)

Altars:


Innate Abilities, Weirdness & Mutations

You are immune to sickness and miasma.
You are immune to poison.
Your flesh is very heat resistant. (rF++)
You are vulnerable to cold. (rC-)
You float through the air rather than walking.
You learn spells naturally, not from books.
Your magical power is your life essence.
You have superior vitality. (+4 MHP)
You have sharp fingernails.
You possess an exceptional clarity of mind.
You passively map the area around you.
You expend health (3 HP) to strengthen your wands.


Message History

Unknown command.
A hobgoblin and an endoplasm come into view.
The hobgoblin unwields a +0 trident.
The hobgoblin wields a +0 sling.
The hobgoblin shoots a sling bullet.
The sling bullet barely misses you. The ball python bites your butterfly.
Your butterfly dies!
Your butterfly disappears in a puff of smoke!
You hit the endoplasm. You burn the endoplasm.
The endoplasm is severely wounded.
The endoplasm hits you but does no damage.
You hit the endoplasm. You burn the endoplasm.
You kill the endoplasm!
Your butterfly disappears in a puff of smoke!
The hobgoblin shoots a sling bullet.
The sling bullet barely misses you.
Your red devil hits the gnoll with a +2 antimagic trident.
The gnoll is skewered by barbed spikes.
Unknown command.
The hobgoblin unwields a +0 sling.
The hobgoblin wields a +0 trident.
The hobgoblin hits you with a +0 trident!
* * * LOW HITPOINT WARNING * * *
The ball python barely misses you. The ball python closely misses you.
Unknown command.
You barely miss the hobgoblin.
The hobgoblin hits you with a +0 trident!
* * * LOW HITPOINT WARNING * * *
The ball python barely misses you.
The gnoll dies!
Unknown command.
You hit the hobgoblin.
The hobgoblin is moderately wounded.
The ball python barely misses you. x2; The hobgoblin closely misses you.
You barely miss the hobgoblin.
The hobgoblin is moderately wounded.
Your butterfly disappears in a puff of smoke!
The ball python completely misses you. The ball python grabs you.
The ball python constricts you.
* * * LOW HITPOINT WARNING * * *
The hobgoblin hits you with a +0 trident.
You die... "I guess I need a new plaything now." * * , , *,, , , * * * #.. * , * #.#** , ,, , * #.# * * #.# * ,* ..** #.# . , #., ##.## * .. , #. ####.§.##### $r$

*#. #JS@g.b....# *
.(.. #.####
#5##..b###.# ,,
,,#...#[J..###.###.##
#.# **#wwgS##g....#
#.# #.# * *
*#.†)54..4J## #.# #.#
* ......Z##.##.#**#.#
##.# , ** #......
#.##...,..# #..# *
######. #[#########
#.## , #?,..., , *
#.# *


You could see an endoplasm, a hobgoblin (ally target), a ball python and a
friendly shadow imp (summoned).

Vanquished Creatures
  A bombardier beetle (D:2)
  A ribbon worm (D:2)
  A dart slug (D:1)
  A ball python (D:2)
  5 bats
  5 endoplasms
  A giant cockroach (D:1)
  5 goblins
  3 hobgoblins (D:1)
  A frilled lizard (D:1)
  2 kobolds (D:1)
26 creatures vanquished.

Vanquished Creatures (collateral kills)
  2 gnolls (D:2)
  A kobold (D:2)
  A quokka (D:2)
  A frilled lizard (D:2)
  A rat (D:2)
6 creatures vanquished.

Vanquished Creatures (others)
  A ball python zombie (D:2)
1 creature vanquished.

Grand Total: 33 creatures vanquished

Notes
Turn   | Place    | Note
-------+----------+-------------------------------------------
     0 | D:1      | Xavori the Djinni Chaos Knight began the quest for the Orb.
     0 | D:1      | Reached XP level 1. HP: 20/20 MP: 0/0
    27 | D:1      | XOM: silly message
    54 | D:1      | Reached XP level 2. HP: 25/25 MP: 0/0
   125 | D:1      | XOM: divination: magic mapping
   266 | D:1      | Found a faded altar of an unknown god.
   398 | D:1      | Reached XP level 3. HP: 30/30 MP: 0/0
   398 | D:1      | Learned a level 1 spell: Necrotise
   446 | D:1      | Reached skill level 1 in Spellcasting
   446 | D:1      | Reached skill level 1 in Conjurations
   446 | D:1      | Reached skill level 1 in Hexes
   446 | D:1      | Reached skill level 1 in Summonings
   446 | D:1      | Reached skill level 1 in Necromancy
   446 | D:1      | Reached skill level 1 in Translocations
   446 | D:1      | Reached skill level 1 in Fire Magic
   446 | D:1      | Reached skill level 1 in Ice Magic
   446 | D:1      | Reached skill level 1 in Air Magic
   446 | D:1      | Reached skill level 1 in Earth Magic
   446 | D:1      | Reached skill level 1 in Alchemy
  1902 | D:1      | XOM: stat loss: -1 Str (10/11)
  2079 | D:1      | XOM: draining
  2132 | D:1      | XOM: god gift: 3 large rocks
  2260 | D:1      | XOM: cloud trail
  2708 | D:1      | XOM is BORED!
  2708 | D:1      | XOM: give mutations
  2708 | D:1      | Gained mutation: Your natural rate of healing is unusually
                  | fast. [Xom's mischief]
  2708 | D:1      | Gained mutation: You have sharp fingernails. [Xom's
                  | mischief]
  2708 | D:1      | Gained mutation: You passively map a small area around you.
                  | [Xom's mischief]
  3140 | D:1      | XOM: give mutation
  3140 | D:1      | Gained mutation: You have very sharp teeth. [Xom's grace]
  4480 | D:1      | XOM: 4-stop teleportation journey
  4530 | D:1      | XOM: noise
  4941 | D:2      | XOM: swap monsters
  4956 | D:2      | XOM: cast spell 'Leda's Liquefaction'
  4962 | D:2      | Reached XP level 4. HP: 26/34 MP: 0/0
  5288 | D:1      | XOM: give mutations
  5288 | D:1      | Gained mutation: You passively map the area around you.
                  | [Xom's mischief]
  5288 | D:1      | Lost mutation: You have very sharp teeth. [Xom's mischief]
  5288 | D:1      | Lost mutation: Your natural rate of healing is unusually
                  | fast. [Xom's mischief]
  5288 | D:1      | Gained mutation: You expend health (3 HP) to strengthen
                  | your wands. [Xom's mischief]
  5324 | D:1      | XOM is BORED!
  5804 | D:1      | XOM: silly message
  6390 | D:1      | XOM: silly message
  8543 | D:1      | XOM is BORED!
  8565 | D:1      | XOM: silly message
  9301 | D:1      | XOM: give mutation
  9301 | D:1      | Gained mutation: You possess an exceptional clarity of
                  | mind. [Xom's mischief]
  9366 | D:1      | XOM: god gift: runed scale mail {god gift}
  9770 | D:1      | XOM: scenery: summon butterflies
 10026 | D:2      | XOM: god gift: wand of mindburst (5)
 10039 | D:2      | XOM: scenery: summon butterflies
 10053 | D:2      | XOM: summons 2 friendly demons
 10071 | D:2      | Slain by a hobgoblin

Illustrated notes

Levels and vault maps discovered:
D:1:      dpeg_arrival_concentric_ovals, layout_loops_ring,
          basic_ecumenical_altar, minmay_tromino_v4_a
D:2:      layout_loops_ring, basic_altar, minmay_circle_x

Skill      XL: |  1  2  3 |
---------------+----------+-----
Spellcasting   | 1 |  1.6
Conjurations   | 1 |  1.6
Hexes          | 1 |  1.6
Summonings     | 1 |  1.6
Necromancy     | 1 |  1.6
Translocations | 1 |  1.6
Fire Magic     | 1 |  1.6
Ice Magic      | 1 |  1.6
Air Magic      | 1 |  1.6
Earth Magic    | 1 |  1.6
Alchemy        | 1 |  1.6
Long Blades    | 3 |  3.1
Fighting       | |  3.4
Armour         | |  1.8
Dodging        | |  2.8

Action                     |  1- 3 |  4- 6 || total
---------------------------+-------+-------++-------
  Melee: Falchion          |    67 |    28 ||    95
         Bite              |     2 |       ||     2
    Use: Scroll            |     1 |       ||     1
 Armour: Leather armour    |    38 |    32 ||    70
  Dodge: Dodged            |    39 |    40 ||    79

Table legend: (Time is in decaauts)
 A = Elapsed time spent in this place.
 B = Non-inter-level travel time spent in this place.
 C = Inter-level travel time spent in this place.
 D = Time resting spent in this place.
 E = Time spent auto-exploring this place.
 F = Levels seen in this place.
 G = Mean time per level.
                   A        B        C        D        E       F      G
               +--------+--------+--------+--------+--------+-----+--------+
         Total |  10088 |  10044 |     44 |   9218 |    602 |   2 | 5044.0 |
       Dungeon |  10088 |  10044 |     44 |   9218 |    602 |   2 | 5044.0 |
               +--------+--------+--------+--------+--------+-----+--------+

Top non-repeatable levels by time:
     D:1: 9944 daAuts
     D:2: 144 daAuts
